 Dungeon Crawl Stone Soup version 0.19.0-2-gae57169 (webtiles) character file.

825 GhostOfComunism the Caller (level 7, -23/45 HPs)
             Began as a Tengu Summoner on Nov 5, 2016.
             Killed from afar by a guardian golem (40 damage)
             ... with an exploding inner flame
             ... summoned by the player character
             ... on level 5 of the Dungeon.
             The game lasted 00:58:47 (5626 turns).

GhostOfComunism the Caller (Tengu Summoner)         Turns: 5626, Time: 00:58:48

Health: -23/45     AC:  5    Str: 10    XL:     7   Next: 96%
Magic:  6/14       EV: 14    Int: 17    God:
Gold:   212        SH:  0    Dex: 15    Spells: 5 memorised, 1 level left

rFire  . . .     SeeInvis .     j - +0 spear
rCold  + . .     Gourm    .     d - +0 leather armour
rNeg   . . .     Faith    .     (no shield)
rPois  +         Spirit   .     (helmet restricted)
rElec  .         Reflect  .     (no cloak)
rCorr  .         Harm     .     a - +1 pair of gloves
MR     .....                    (boots unavailable)
Stlth  ++........               (no amulet)
                                (no ring)
                                h - ring of protection from cold

@: no status effects
A: beak, talons 3, poison resistance, robust 1, strong 1, able to fly 1
a: Fly


You were on level 5 of the Dungeon.
You were not hungry.

You visited 1 branch of the dungeon, and saw 5 of its levels.

You collected 212 gold pieces.

Inventory:

Hand Weapons
 j - a +0 spear (weapon)
Armour
 a - a +1 pair of gloves (worn)
 d - a +0 leather armour (worn)
Jewellery
 h - a ring of protection from cold (left hand)
Scrolls
 e - a scroll of remove curse
 f - a scroll of immolation
 g - a scroll of teleportation
 l - a scroll of identify
Books
 b - a book of Callings

   Spells                             Type                      Level
   a - Summon Small Mammal            Summoning                    1
   b - Call Imp                       Summoning                    2
   c - Call Canine Familiar           Summoning                    3
   d - Summon Guardian Golem          Hexes/Summoning              3
   e - Summon Lightning Spire         Summoning/Air                4
   f - Summon Ice Beast               Ice/Summoning                4
Comestibles
 c - a bread ration


   Skills:
 + Level 3.4 Fighting
 + Level 1.4 Polearms
 + Level 4.7 Dodging
 - Level 2.0 Stealth
 + Level 4.3 Spellcasting
 - Level 1.0 Hexes
 + Level 7.1 Summonings
 - Level 1.0 Air Magic


You had one spell level left.
You knew the following spells:

 Your Spells              Type           Power        Failure   Level  Hunger
a - Summon Small Mammal   Summ           ####         1%          1    None
b - Call Imp              Summ           ####....     1%          2    ##.....
c - Summon Guardian Gole  Hex/Summ       ###.....     14%         3    ###....
d - Call Canine Familiar  Summ           ####....     3%          3    ###....
e - Summon Lightning Spi  Summ/Air       ###.....     38%         4    ####...


Dungeon Overview and Level Annotations

Branches:
Dungeon (5/15)             Temple (0/1) D:5

Altars:
Gozag
Uskayaw


Innate Abilities, Weirdness & Mutations

You have a beak for a mouth.
You have claws for feet.
You can fly.
Your system is resistant to poisons. (rPois)
You are robust. (+10% HP)
Your muscles are strong. (Str +2)


Message History

A beastly little devil appears in a puff of flame.
The centaur shoots an arrow.
The arrow hits your guardian golem!
Casting: Call Imp
Confirm with . or Enter, or press ? or * to list all spells.
A beastly little devil appears in a puff of frigid air.
The centaur shoots an arrow.
The arrow hits your guardian golem but does no damage.
Your guardian golem overheats!
Casting: Call Imp
Confirm with . or Enter, or press ? or * to list all spells.
A shadowy apparition takes form in the air.
The centaur shoots an arrow.
The arrow hits your guardian golem!
Your guardian golem explodes!
The fiery explosion engulfs the centaur.
The centaur dies!
The fiery explosion engulfs your shadow imp.
Your shadow imp dies!
The fiery explosion engulfs you!
Ouch! That really hurt!
You die...

### ###### #...######
#....# #....)§§.# #....#
.....§§§.# #....#
#....§§@.######....#
.....5.5......#....#
......5............#
...........(....[.##
#.##...#..((......######
# #...###............(#
#... #.............#
#... ####..........#
....######..........#


You could see 2 friendly crimson imps and a friendly white imp.

Vanquished Creatures
  Grinder (D:4)
  An orc wizard (D:4)
  A hound (D:4)
  Ijyb (D:2)
  Natasha (D:4)
  A worker ant (D:4)
  A howler monkey skeleton (D:4)
  3 adders
  2 dart slugs (D:4)
  3 leopard geckos
  3 orcs
  7 bats
  4 giant cockroaches
  5 goblins
  6 hobgoblins
  4 jackals
  4 frilled lizards
  A kobold (D:2)
  A quokka skeleton (D:4)
  3 rats
53 creatures vanquished.

Vanquished Creatures (collateral kills)
  The ghost of aggelon the Ruffian, an amateur TrBe of Trog (D:4)
  A phantom (D:4)
  A centaur (D:5)
  A bullfrog (D:4)
  A scorpion (D:5)
  2 hounds
  2 jellies (D:5)
  Natasha (twice) (D:4)
  3 worker ants (D:4)
  8 adders
  A worm (D:2)
  A dart slug (D:1)
  A leopard gecko (D:2)
  2 orcs (D:4)
  4 bats
  2 giant cockroaches (D:2)
  A goblin (D:1)
  7 hobgoblins
  3 jackals
  6 kobolds
  A frilled lizard (D:2)
  4 rats
55 creatures vanquished.

Grand Total: 108 creatures vanquished

Notes
Turn   | Place    | Note
-------+----------+-------------------------------------------
     0 | D:1      | GhostOfComunism the Tengu Summoner began the quest for the Orb.
     0 | D:1      | Reached XP level 1. HP: 10/10 MP: 4/4
   294 | D:1      | Reached XP level 2. HP: 15/15 MP: 3/6
   298 | D:1      | Learned a level 2 spell: Call Imp
   333 | D:1      | Reached skill level 5 in Summonings
   745 | D:1      | jjjjjj
   796 | D:1      | Reached XP level 3. HP: 19/19 MP: 7/7
   802 | D:1      | Learned a level 3 spell: Summon Guardian Golem
  1584 | D:2      | Noticed Ijyb
  1675 | D:2      | Killed Ijyb
  1675 | D:2      | Reached XP level 4. HP: 14/24 MP: 1/8
  1830 | D:2      | Reached skill level 1 in Hexes
  1934 | D:2      | Found a faded altar of an unknown god.
  2266 | D:2      | Reached skill level 1 in Fighting
  2542 | D:3      | Gained mutation: You can fly. [Tengu growth]
  2542 | D:3      | Reached XP level 5. HP: 9/29 MP: 8/10
  3014 | D:3      | Found an opulent altar of Gozag.
  3014 | D:3      | Found a hide-covered altar of Uskayaw.
  3172 | D:3      | Learned a level 1 spell: Summon Small Mammal
  3176 | D:3      | Learned a level 3 spell: Call Canine Familiar
  3513 | D:4      | Noticed Natasha
  3525 | D:4      | Killed Natasha
  3775 | D:4      | Reached skill level 6 in Summonings
  3791 | D:4      | Reached XP level 6. HP: 14/35 MP: 3/11
  4285 | D:4      | Gained mutation: You are robust. (+10% HP) [potion of mutation]
  4285 | D:4      | Gained mutation: Your muscles are strong. (Str +2) [potion of mutation]
  4285 | D:4      | Gained mutation: Your system is resistant to poisons. (rPois) [potion of mutation]
  4355 | D:4      | Noticed Grinder
  4382 | D:4      | Noticed Natasha
  4382 | D:4      | Killed Grinder
  4382 | D:4      | Reached XP level 7. HP: 43/44 MP: 1/13
  4388 | D:4      | Killed Natasha
  4605 | D:4      | Noticed aggelon's ghost (amateur TrBe)
  4703 | D:4      | Killed aggelon's ghost
  4709 | D:4      | Learned a level 4 spell: Summon Lightning Spire
  4974 | D:4      | Noticed Natasha
  4986 | D:4      | Killed Natasha
  5004 | D:4      | Reached skill level 1 in Air Magic
  5112 | D:4      | Reached skill level 7 in Summonings
  5348 | D:5      | Entered Level 5 of the Dungeon
  5371 | D:5      | Reached skill level 1 in Polearms
  5608 | D:5      | Found a staircase to the Ecumenical Temple.
  5626 | D:5      | Killed from afar by a guardian golem

Skill      XL: |  1  2  3  4  5  6  7 |
---------------+----------------------+-----
Summonings     | 5 6 7 |  7.1
Hexes          | 1 |  1.0
Fighting       | 1 2 3 |  3.4
Dodging        | 3 4 |  4.7
Spellcasting   | 3 4 |  4.3
Air Magic      | 1 |  1.0
Polearms       | 1 |  1.4
Stealth        | |  2.0

Action                   |  1- 3 |  4- 6 |  7- 9 || total
-------------------------+-------+-------+-------++-------
Melee: Dagger            |    76 |    23 |    32 ||   131
       Kick              |    11 |    34 |    12 ||    57
       Unarmed           |     1 |       |       ||     1
       Peck              |     4 |    23 |     6 ||    33
       Falchion          |       |    84 |       ||    84
       Battleaxe         |       |    15 |       ||    15
       Spear             |       |       |    32 ||    32
 Cast: Summon Small Mamm |    11 |     4 |     2 ||    17
       Call Imp          |    16 |    30 |    18 ||    64
       Summon Guardian G |     1 |     1 |     3 ||     5
       Call Canine Famil |       |     6 |     6 ||    12
       Summon Lightning  |       |       |     1 ||     1
 Abil: Fly               |       |     5 |       ||     5
  Use: Scroll            |     6 |     4 |     2 ||    12
       Potion            |     3 |     3 |     2 ||     8
 Stab: Sleeping          |     2 |     3 |       ||     5
       Invisible         |     1 |       |       ||     1
       Distracted        |       |     1 |     1 ||     2
  Eat: Bread ration      |     1 |     2 |       ||     3
       Pizza             |       |     3 |     1 ||     4
       Beef jerky        |       |     1 |       ||     1
       Meat ration       |       |     1 |       ||     1
       Royal jelly       |       |       |     1 ||     1
Armor: Robe              |    16 |       |       ||    16
       Leather armour    |       |    25 |    10 ||    35
Dodge: Dodged            |    66 |    87 |    32 ||   185
       Rpst.: Falchion   |       |    19 |       ||    19
